3033 views
Uploaded 2020-04-09 13:57:16
Game version 1.32.3
19:54 long 1on1 ladder game on (2)NorthernIsles
Saved by Ouarf
3033 views
Uploaded 2020-04-09 13:57:16
Game version 1.32.3
19:54 long 1on1 ladder game on (2)NorthernIsles

39 units @ 6.6k
/ 1k
16 buildings @ 2.5k
/ 0.8k


| Rod of Necromancy | 1 | 150 |
| Potion of Healing | 1 | 150 |
| Potion of Mana | 1 | 200 |
| Scroll of Town Portal | 1 | 350 |
| total: | 4 | 850g |
| Acolyte | 7 | 525 | / | 0 |
| Ghoul | 5 | 600 | / | 0 |
| Crypt Fiend | 13 | 2795 | / | 520 |
| Obsidian Statue | 9 | 1800 | / | 315 |
| Gargoyle | 5 | 875 | / | 150 |
| total: | 39 | 6595g | / | 985w |
| Spirit Tower | 1 | 145 | / | 40 |
| Ziggurat | 10 | 1500 | / | 500 |
| Altar of Darkness | 1 | 180 | / | 50 |
| Crypt | 1 | 200 | / | 50 |
| Tomb of Relics | 2 | 260 | / | 60 |
| Graveyard | 1 | 215 | / | 0 |
| Slaughterhouse | 1 | 140 | / | 135 |
| Halls of the Dead | 3 | 960 | / | 630 |
| Black Citadel | 3 | 975 | / | 690 |
| total: | 16 | 2495g | / | 795w |
| 0:04 | Acolyte |
| 0:04 | Acolyte |
| 0:06 | Ziggurat |
| 0:07 | Altar of Darkness |
| 0:37 | Crypt |
| 0:54 | Tomb of Relics |
| 0:59 | Tomb of Relics |
| 1:15 | Graveyard |
| 1:47 | Ziggurat |
| 1:52 | Ghoul |
| 1:55 | Ghoul |
| 2:08 | Unholy Aura |
| 2:11 | Rod of Necromancy |
| 2:52 | Crypt Fiend |
| 3:07 | Acolyte |
| 3:07 | Acolyte |
| 3:13 | Ghoul |
| 3:49 | Halls of the Dead |
| 3:50 | Halls of the Dead |
| 4:00 | Crypt Fiend |
| 4:20 | Ziggurat |
| 4:55 | Crypt Fiend |
| 5:10 | Crypt Fiend |
| 5:28 | Ziggurat |
| 5:43 | Crypt Fiend |
| 6:22 | Web |
| 6:23 | Burrow |
| 6:49 | Death Coil |
| 7:15 | Ghoul |
| 7:15 | Ghoul |
| 7:42 | Slaughterhouse |
| 7:57 | Frost Nova |
| 8:03 | Crypt Fiend |
| 8:05 | Crypt Fiend |
| 8:33 | Ziggurat |
| 8:59 | Crypt Fiend |
| 9:35 | Obsidian Statue |
| 9:35 | Obsidian Statue |
| 9:53 | Spirit Tower |
| 9:57 | Crypt Fiend |
| 10:01 | Gargoyle |
| 10:02 | Gargoyle |
| 10:21 | Black Citadel |
| 10:32 | Unholy Aura |
| 10:44 | Gargoyle |
| 10:47 | Obsidian Statue |
| 10:50 | Frost Armor |
| 11:12 | Gargoyle |
| 12:00 | Gargoyle |
| 12:31 | Potion of Healing |
| 12:32 | Scroll of Town Portal |
| 12:36 | Potion of Mana |
| 12:42 | Destroyer Form |
| 13:31 | Obsidian Statue |
| 14:01 | Crypt Fiend |
| 14:02 | Obsidian Statue |
| 14:44 | Obsidian Statue |
| 14:46 | Crypt Fiend |
| 14:47 | Crypt Fiend |
| 15:08 | Obsidian Statue |
| 15:13 | Ziggurat |
| 15:13 | Ziggurat |
| 15:39 | Creature Attack |
| 16:09 | Frost Nova |
| 16:20 | Obsidian Statue |
| 16:30 | Death Coil |
| 16:42 | Acolyte |
| 17:11 | Ziggurat |
| 17:12 | Improved Creature Attack |
| 18:28 | Crypt Fiend |
| 18:41 | Acolyte |
| 18:41 | Acolyte |
| 18:53 | Obsidian Statue |
| 19:26 | Ziggurat |
| 19:30 | Ziggurat |
| Right click | 1717 |
| Select group | 813 |
| Select | 270 |
| Assign group | 134 |
| Misc. action | 121 |
| Build/train/purchase | 107 |
| Chat | 45 |
| Use ability | 22 |
| Esc | 7 |
| Item give/drop | 3 |
25 units @ 3.8k
/ 0.5k
14 buildings @ 2.4k
/ 0.9k



| Healing Salve | 3 | 300 |
| Lesser Clarity Potion | 4 | 280 |
| Scroll of Speed | 1 | 50 |
| Orb of Lightning | 1 | 375 |
| Scroll of Healing | 3 | 750 |
| Circlet of Nobility | 1 | 175 |
| Potion of Lesser Invulnerability | 1 | 150 |
| total: | 14 | 2080g |
| Peon | 7 | 525 | / | 0 |
| Grunt | 4 | 800 | / | 0 |
| Raider | 2 | 360 | / | 80 |
| Spirit Walker | 2 | 390 | / | 70 |
| Kodo Beast | 1 | 255 | / | 60 |
| Troll Berserker | 8 | 1120 | / | 160 |
| Goblin Shredder | 1 | 375 | / | 100 |
| total: | 25 | 3825g | / | 470w |
| Watch Tower | 1 | 110 | / | 80 |
| Altar of Storms | 1 | 180 | / | 50 |
| Orc Burrow | 6 | 960 | / | 240 |
| Barracks | 1 | 180 | / | 50 |
| Voodoo Lounge | 1 | 130 | / | 30 |
| War Mill | 1 | 205 | / | 0 |
| Great Hall | 1 | 385 | / | 185 |
| Tauren Totem | 1 | 135 | / | 155 |
| Beastiary | 1 | 145 | / | 140 |
| Stronghold | 1 | 315 | / | 190 |
| Fortress | 1 | 325 | / | 190 |
| total: | 14 | 2430g | / | 930w |
| 0:01 | Peon |
| 0:01 | Peon |
| 0:04 | Altar of Storms |
| 0:15 | Orc Burrow |
| 0:32 | Barracks |
| 0:34 | Peon |
| 0:43 | Peon |
| 0:53 | Peon |
| 1:01 | Peon |
| 1:24 | Orc Burrow |
| 1:37 | Grunt |
| 1:45 | Peon |
| 2:05 | Grunt |
| 2:08 | Feral Spirit |
| 2:38 | Stronghold |
| 3:06 | Grunt |
| 3:16 | Voodoo Lounge |
| 3:35 | Orc Burrow |
| 4:12 | Chain Lighting |
| 5:02 | Tauren Totem |
| 5:10 | Beastiary |
| 5:17 | Fortress |
| 5:56 | Orc Burrow |
| 6:00 | Hex |
| 6:01 | Healing Salve |
| 6:01 | Healing Salve |
| 6:02 | Lesser Clarity Potion |
| 6:02 | Scroll of Speed |
| 6:15 | Ensnare |
| 6:16 | Spirit Walker Adept Training |
| 7:02 | Raider |
| 7:03 | Grunt |
| 7:49 | Raider |
| 7:59 | Berserker Strength |
| 8:21 | War Mill |
| 8:28 | Healing Wave |
| 8:38 | War Stomp |
| 8:41 | Orb of Lightning |
| 8:49 | Lesser Clarity Potion |
| 9:36 | Spirit Walker |
| 9:41 | Feral Spirit |
| 9:47 | Kodo Beast |
| 9:49 | Troll Regeneration |
| 10:19 | Berserker Upgrade |
| 10:57 | Endurance Aura |
| 11:02 | Great Hall |
| 11:19 | Troll Berserker |
| 11:19 | Troll Berserker |
| 11:36 | Healing Wave |
| 11:47 | Steel Armor |
| 11:57 | Scroll of Healing |
| 12:34 | Orc Burrow |
| 12:41 | Steel Melee Weapons |
| 14:10 | Spirit Walker |
| 14:11 | Troll Berserker |
| 14:11 | Troll Berserker |
| 14:13 | Steel Ranged Weapons |
| 14:21 | Orc Burrow |
| 14:37 | Reinforced Defenses |
| 14:51 | War Stomp |
| 15:05 | Troll Berserker |
| 15:05 | Troll Berserker |
| 15:11 | Lesser Clarity Potion |
| 15:11 | Lesser Clarity Potion |
| 15:19 | Healing Salve |
| 15:49 | Thorium Armor |
| 16:09 | Chain Lighting |
| 16:20 | Watch Tower |
| 16:59 | Troll Berserker |
| 16:59 | Troll Berserker |
| 17:26 | Scroll of Healing |
| 17:26 | Scroll of Healing |
| 17:27 | Circlet of Nobility |
| 17:40 | Thorium Ranged Weapons |
| 18:59 | Hex |
| 19:12 | Potion of Lesser Invulnerability |
| 19:22 | Goblin Shredder |
| Select group | 721 |
| Misc. action | 255 |
| Select | 249 |
| Right click | 213 |
| Build/train/purchase | 99 |
| Use ability | 43 |
| Assign group | 34 |
| Item give/drop | 6 |